[Event "The Schackveckan 2023: IM-turnering"]
[Site "Goteborgs schackcentrum, Vegagatan 20, Gothenburg, Sweden"]
[Date "2023.08.11"]
[Round "9.2"]
[White "Ustianovich, Nazar"]
[Black "Tryggestad, Andreas Garberg"]
[Result "1/2-1/2"]
[TimeControl "90 minutes for 40 moves + 30 minutes for the rest of the game + 30 seconds per move from move one."]
[WhiteTitle "FM"]
[BlackTitle "FM"]
[WhiteFideId "14109778"]
[BlackFideId "1513338"]
[WhiteElo "2314"]
[BlackElo "2233"]

1. Nf3 Nf6 2. c4 c5 3. Nc3 Nc6 4. e3 d5 5. cxd5 Nxd5 6. Bb5 Nxc3 7. bxc3 Bd7 8. O-O e6 9. d4 Be7 10.
Rb1 a6 11. Bd3 b5 12. Nd2 cxd4 13. exd4 O-O 14. Qc2 g6 15. Ne4 Rc8 16. Qd2 f5 17. Nc5 Bxc5 18. dxc5 Ne5 19. Re1 Rxc5 20.
Bf1 Rd5 21. Qf4 Nd3 22. Bxd3 Rxd3 23. Ba3 Re8 24. Bc5 Qb8 25. Qb4 e5 26. Rbd1 Rxd1 27. Rxd1 Be6 28. h3 Bxa2 29. Ra1 a5 30.
Qxa5 Bf7 31. Qb4 Qb7 32. Ra7 Qd5 33. Qxb5 Rc8 34. Ra5 Qd2 35.
Qb7 Rxc5 36. Rxc5 Qc1+ 37. Kh2 Qf4+ 38. Kg1 Qc1+ 39. Kh2 Qf4+ 40. Kg1 1/2-1/2

[Event "The Schackveckan 2023: IM-turnering"]
[Site "Goteborgs schackcentrum, Vegagatan 20, Gothenburg, Sweden"]
[Date "2023.08.11"]
[Round "9.3"]
[White "Kistrup, Nicolai"]
[Black "Sorensen, Hampus"]
[Result "1-0"]
[TimeControl "90 minutes for 40 moves + 30 minutes for the rest of the game + 30 seconds per move from move one."]
[WhiteTitle "FM"]
[BlackTitle "IM"]
[WhiteFideId "1444816"]
[BlackFideId "8703884"]
[WhiteElo "2339"]
[BlackElo "2475"]

1. e4 e5 2. Nf3 Nc6 3. Bc4 Nf6 4. Ng5 d5 5. exd5 Na5 6. Bb5+ c6 7. dxc6 bxc6 8. Bd3 Nd5 9. Nf3 Bd6 10.
Nc3 O-O 11. Be2 f5 12. d3 Qc7 13. Bd2 Rb8 14. Rb1 Bd7 15. O-O Nf6 16. d4 exd4 17. Nxd4 Bxh2+ 18. Kh1 Be5 19. Nf3 Bd6 20.
a3 Nb7 21. Be3 Ng4 22. Bxa7 Rbe8 23. Bd4 Qd8 24. b4 Bb8 25. Bc4+ Kh8 26. Qd3 Nd6 27. Rbd1 Be6 28. Bxe6 Rxe6 29.
Rfe1 Qe8 30. Rxe6 Qxe6 31. Re1 Qg6 32. Kg1 Nf7 33. Bc5 Rd8 34. Qd7 Nf6 35. Qxc6 Rg8 36. Nd5 Nxd5 37. Qxd5 h6 38.
Nh4 Qh5 39. g3 Rd8 40. Qxf5 Qxf5 41. Nxf5 Be5 42. f4 Bc3 43. Re3 Rd1+ 44. Kf2 Bb2 45. a4 g6 46. Ne7 g5 47. a5 gxf4 48.
gxf4 Bc1 49. Rd3 Rh1 50. Bd4+ Kh7 51. Rg3 Ng5 52. fxg5 Bxg5 53. Rxg5 hxg5 54. a6 Rh2+ 55. Kg1 Rxc2 56.
a7 Ra2 57. b5 1-0

[Event "The Schackveckan 2023: IM-turnering"]
[Site "Goteborgs schackcentrum, Vegagatan 20, Gothenburg, Sweden"]
[Date "2023.08.11"]
[Round "9.4"]
[White "Karlsson, Stefan"]
[Black "Hector, Jonny"]
[Result "0-1"]
[TimeControl "90 minutes for 40 moves + 30 minutes for the rest of the game + 30 seconds per move from move one."]
[BlackTitle "GM"]
[WhiteFideId "1771183"]
[BlackFideId "1700090"]
[WhiteElo "1925"]
[BlackElo "2466"]

1. e4 e5 2. Nf3 Nc6 3. Bb5 a6 4. Bxc6 dxc6 5. O-O Bg4 6. h3 Bh5 7. g4 Bg6 8. Nxe5 Bd6 9. Nxg6 hxg6 10.
Qf3 Qd7 11. d3 O-O-O 12. Nd2 f5 13. Nc4 Rf8 14. e5 Be7 15. Re1 Qd5 16. Qg2 f4 17. Re4 g5 18. Bd2 Qe6 19. Qf3 Nh6 20.
a4 Nf7 21. Bc3 Rh6 22. Kg2 Rfh8 23. Rh1 Nd8 24. b4 R8h7 25. Nd2 Qa2 26. b5 cxb5 27. axb5 Qxc2 28. bxa6 Rxa6 29. Nb1 Rhh6 30.
Re2 Qa4 31. Nd2 Qd7 32. Ne4 Rhc6 33. Rb1 Ra3 34. Rc2 Ne6 35. Rbc1 Kb8 36. Qd1 Nd4 37. Bxd4 Qxd4 38. Rxc6 Rxd3 39.
Qe2 f3+ 40. Qxf3 Rxf3 41. R6c4 Qd3 42. R1c3 Qxe4 0-1

[Event "The Schackveckan 2023: IM-turnering"]
[Site "Goteborgs schackcentrum, Vegagatan 20, Gothenburg, Sweden"]
[Date "2023.08.11"]
[Round "9.5"]
[White "Brattgjerd, Isak Vinh"]
[Black "Berggren Torell, Harald"]
[Result "1-0"]
[TimeControl "90 minutes for 40 moves + 30 minutes for the rest of the game + 30 seconds per move from move one."]
[WhiteFideId "1549880"]
[BlackFideId "1714031"]
[WhiteElo "2214"]
[BlackElo "2061"]

1. e4 d6 2. d4 g6 3. Nc3 Bg7 4. Be3 Nf6 5. Qd2 c6 6. a4 Nbd7 7. Bh6 Bxh6 8. Qxh6 Qa5 9. O-O-O Nb6 10.
Bd3 Nxa4 11. Nge2 Nxc3 12. Nxc3 Qh5 13. Qd2 Bd7 14. f4 Qa5 15. Kb1 Qb4 16. Be2 O-O-O 17. Bf3 Bg4 18. Bxg4+ Nxg4 19.
h3 Nf6 20. g4 e6 21. Rhf1 h6 22. f5 exf5 23. gxf5 g5 24. h4 g4 25. Qf4 h5 26. Qg5 Ne8 27. Ne2 Nc7 28. Qe3 Rde8 29.
f6 Kb8 30. Ng3 Re6 31. Qd3 d5 32. e5 Qc4 33. Rf5 Qxd3 34. Rxd3 c5 35. c3 cxd4 36. cxd4 Ree8 37. Nxh5 Ne6 38.
Ng7 Ref8 39. Nxe6 fxe6 40. Rg5 Rxh4 41. Rg3 a6 42. R3xg4 Rxg4 43. Rxg4 Kc7 44. Rg7+ Kc6 45. Re7 Kb5 46.
b3 Kb4 47. Kb2 b5 48. Rxe6 Rh8 49. Rc6 1-0